 Dungeon Crawl Stone Soup version 0.22-a0-352-gc608dd7 (webtiles) character file.

9 inmateoo the Grave Robber (level 2, 0/19 HPs)
             Began as a Formicid Necromancer on Apr 14, 2018.
             Killed from afar by a dart slug (4 damage)
             ... with a slug dart
             ... on level 1 of the Dungeon.
             The game lasted 00:01:29 (612 turns).

inmateoo the Grave Robber (Formicid Necromancer)     Turns: 612, Time: 00:01:29

Health: 0/19       AC:  3    Str: 12    XL:     2   Next: 20%
Magic:  0/5        EV: 12    Int: 14    God:
Gold:   34         SH:  0    Dex: 11    Spells: 3/5 levels left

rFire    . . .     SeeInvis +   g - +0 whip
rCold    . . .     Gourm    .   (no shield)
rNeg     . . .     Faith    .   a - +1 robe
rPois    .         Spirit   .   (helmet unavailable)
rElec    .         Reflect  .   (no cloak)
rCorr    .         Harm     .   (no gloves)
MR       .....                  (no boots)
Stlth    ++........             (no amulet)
HPRegen  0.06/turn              (no ring)
MPRegen  0.09/turn              (no ring)

@: no status effects
A: permanent stasis, dig shafts and tunnels, four strong arms, antennae 3
a: Dig, Shaft Self


You were on level 1 of the Dungeon.
You were not hungry.

You visited 1 branch of the dungeon, and saw 1 of its levels.

You collected 34 gold pieces.

Inventory:

Hand Weapons
 g - a +0 whip (weapon)
Armour
 a - a +1 robe (worn)
Scrolls
 d - 3 scrolls of identify
Potions
 b - a potion of curing {unknown}
 e - a potion of heal wounds
Comestibles
 c - 4 rations


   Skills:
 + Level 2.0 Dodging
 + Level 2.7 Stealth
 + Level 2.4 Spellcasting
 + Level 4.1 Necromancy


You had 3 spell levels left.
You knew the following spells:

 Your Spells              Type           Power        Failure   Level  Hunger
a - Pain                  Necr           ##..         4%          1    #......
b - Animate Skeleton      Necr           N/A          4%          1    #......


Dungeon Overview and Level Annotations

Branches:
Dungeon (1/15)

Altars:


Innate Abilities, Weirdness & Mutations

You cannot be hasted, slowed, berserked, paralysed or teleported.
You can dig through walls and to a lower floor.
Your four strong arms can wield two-handed weapons with a shield.
You have a pair of large antennae on your head. (SInv)


Message History

Casting: Pain (safe; 4% risk of failure)
Confirm with . or Enter, or press ? or * to list all spells.
Aiming: Pain (safe; 4% risk of failure)
Press: ? - help, Shift-Dir - straight line, f/p - dart slug
Aim: a dart slug (heavily wounded, clinging, chance to defeat MR: 83%)
The dart slug barely resists.
The dart slug launches a dart at you. The slug dart misses you.
Casting: Pain (safe; 4% risk of failure)
Confirm with . or Enter, or press ? or * to list all spells.
Aiming: Pain (safe; 4% risk of failure)
Press: ? - help, Shift-Dir - straight line, f/p - dart slug
Aim: a dart slug (heavily wounded, clinging, chance to defeat MR: 83%)
The dart slug writhes in agony!
Casting: Pain (safe; 4% risk of failure)
Confirm with . or Enter, or press ? or * to list all spells.
You don't have enough magic to cast that spell.
The dart slug launches a dart at you. The slug dart hits you!
You die...

.. #.#
#.#...#.#.##.####
.#. #.#
#.#g..#.#.##.....
#.#. ..#
###.#.l...#.######.
# #.#
..#.#...###......#.
#w#.#{ #####.##.
#.#.# #.##. #.#.#
#.##. #.#.# #.##.
#.@.# #.##. #####
#†... { ##### {


You could see a dart slug.

Vanquished Creatures
  2 bats (D:1)
  A goblin (D:1)
  A hobgoblin (D:1)
  2 frilled lizards (D:1)
  3 kobolds (D:1)
9 creatures vanquished.

Notes
Turn   | Place    | Note
-------+----------+-------------------------------------------
     0 | D:1      | inmateoo the Formicid Necromancer began the quest for the Orb.
     0 | D:1      | Reached XP level 1. HP: 13/13 MP: 3/3
   114 | D:1      | Reached XP level 2. HP: 15/19 MP: 1/5
   429 | D:1      | Learned a level 1 spell: Animate Skeleton
   612 | D:1      | Killed from afar by a dart slug

Vault maps used:
D:1:      roderic_chinese_lattice_arrival

Skill      XL: |  1  2 |
---------------+-------+-----
Dodging        | 2 |  2.0
Stealth        | |  2.7
Spellcasting   | |  2.4
Necromancy     | |  4.1

Action                   || total
-------------------------++-------
Melee: Whip              ||     9
 Cast: Pain              ||    16
  Use: Scroll            ||     3
Armor: Robe              ||     4
Dodge: Dodged            ||    11

Table legend:
 A = Spawn XP
 B = Non-spawn XP
 C = Spawn XP percentage of total XP
 D = Spawn monster count
 E = Non-spawn monster count
 F = Spawn count percentage of total count
 G = Total turns spent on level
                    A         B        C        D         E        F      G
               +---------+---------+-------+---------+---------+-------+---------
         Total |       0 |      13 |   0.0 |       0 |       9 |   0.0 |   612
               +---------+---------+-------+---------+---------+-------+---------
           D:1 |       0 |      13 |   0.0 |       0 |       9 |   0.0 |   612
               +---------+---------+-------+---------+---------+-------+---------
